AoeStats
← 破破助

Yucatan

510749727Analyzed
2v2 RM · 15h ago on Oct 2, 2026· 46m 30s· 4 players
Game mode
Random Map
Map size
Medium (4 player)
Population
200
Speed
Normal
Resources
Standard
Victory
Conquest
Starting age
Dark Age
Ending age
Imperial Age
RankedLock teamsTeams togetherTeam positionsShared explorationLock speedFull tech treeHidden civsTurbo modeCheats
Victory
Defeat
🇨🇳 Khmer · China
828
+17
🇨🇳 Turks · China
828
+17
🇨🇳 Spanish · China
843
-44
🇨🇳 Slavs · China
843
-44
Sternenhimmel
3:52 Loom
12:05 Feudal Age
15:36 Castle Age
14:46 Double-Bit Axe
14:44 Horse Collar
25:54 Bow Saw
25:58 Heavy Plow
26:13 Town Watch
27:09 Wheelbarrow
26:28 Gold Mining
33:40 Imperial Age
32:17 Devotion
33:08 Hand Cart
33:42 Bloodlines
33:32 Husbandry
34:01 Scale Barding Armor
34:07 Forging
34:21 Ballistics
34:56 Husbandry
35:37 Conscription
36:48 Crop Rotation
36:36 Fletching
36:46 Padded Archer Armor
38:23 Double Crossbow
38:35 Elite Ballista Elephant
41:08 Hoardings
42:13 Chemistry
41:18 Siege Engineers
41:38 Chain Barding Armor
42:54 Iron Casting
41:46 Light Cavalry
44:48 Plate Barding Armor
45:14 Blast Furnace
44:10 Bodkin Arrow
44:15 Padded Archer Armor
44:16 Scale Mail Armor
44:40 Faith
44:24 Town Patrol
45:05 Gold Shaft Mining
44:24 Stone Mining
43:57 Hussar
45:26 Spies/Treason
46:07 Tusk Swords
45:38 Sappers
47:04 Murder Holes
47:19 Fortified Wall
47:20 Masonry
灰色中分小哥♪
6:11 Loom
11:54 Feudal Age
15:05 Double-Bit Axe
17:46 Castle Age
17:50 Scale Barding Armor
18:10 Bloodlines
18:22 Fletching
18:44 Forging
21:37 Bow Saw
22:51 Horse Collar
24:09 Heavy Plow
28:48 Gold Mining
32:44 Imperial Age
34:56 Conscription
35:27 Wheelbarrow
35:49 Padded Archer Armor
36:02 Artillery
36:59 Hand Cart
39:22 Leather Archer Armor
41:07 Gold Shaft Mining
40:22 Stone Mining
41:54 Ring Archer Armor
41:32 Scale Barding Armor
42:07 Husbandry
45:48 Spies/Treason
破破助
12:32 Feudal Age
13:54 Wheelbarrow
13:38 Double-Bit Axe
14:13 Horse Collar
15:58 Stone Mining
15:59 Gold Mining
22:42 Castle Age
23:41 Gold Mining
24:35 Hand Cart
25:43 Scale Barding Armor
25:39 Padded Archer Armor
25:46 Heavy Plow
30:54 Pikeman
32:53 Forging
33:01 Leather Archer Armor
纵欲的猫
14:08 Feudal Age
16:34 Double-Bit Axe
16:52 Gold Mining
17:00 Horse Collar
25:11 Castle Age
28:02 Double-Bit Axe
29:36 Bow Saw
Connection lost

Rejoining the realm…

Still unreachable

The connection could not be restored.

Session expired

The server has moved on; the page needs a fresh start.